 Dungeon Crawl Stone Soup version 0.29.1-13-g9f3cf754e1 (webtiles) character file.

Game seed: 14049554889545318321

106 Thatpatchoflichen the Trooper (level 4, -2/48 HPs)
             Began as an Ogre Fighter on Jan 31, 2023.
             Slain by a water moccasin (6 damage)
             ... in a sewer.
             The game lasted 00:08:18 (3051 turns).

Thatpatchoflichen the Trooper (Ogre Fighter)        Turns: 3051, Time: 00:08:19

Health: -2/48      AC:  3    Str: 20    XL:     4   Next: 84%
Magic:  4/4        EV:  9    Int:  9    God:
Gold:   111        SH:  8    Dex: 10    Spells: 3/3 levels left

rFire   . . .      SeeInvis .   a - +0 long sword
rCold   . . .      Faith    .   c - +0 kite shield
rNeg    . . .      Spirit   .   b - +0 robe
rPois   .          Reflect  .   (helmet restricted)
rElec   .          Harm     .   (no cloak)
rCorr   .          Rampage  .   (gloves unavailable)
Will    .....                   (boots unavailable)
Stlth   +.........              (no amulet)
HPRegen 0.16/turn               (no ring)
MPRegen 0.09/turn               (no ring)

@: lethally poisoned (-2 -> -3)
A: large, unfitting armour, tough skin 1
a: no special abilities


You were in a sewer.
You visited 1 branch of the dungeon, and saw 3 of its levels.
You also visited: Sewer.

You collected 111 gold pieces.

Inventory:

Hand Weapons
 a - a +0 long sword (weapon)
Missiles
 e - 3 poisoned darts (quivered)
 i - 6 boomerangs
Armour
 b - a +0 robe (worn)
 c - a +0 kite shield (worn)
Jewellery
 l - a ring of fire
Wands
 s - a wand of polymorph (5)
Scrolls
 g - a scroll of enchant armour {unknown}
 j - a scroll of teleportation {unknown}
 o - a scroll of butterflies {unknown}
 p - a scroll of vulnerability {unknown}
 q - a scroll of enchant weapon {unknown}
 r - a scroll of identify {unknown}
Potions
 d - 3 potions of might
 f - 3 potions of curing
 h - 3 potions of flight {unknown}
 k - a potion of invisibility {unknown}
 m - a potion of ambrosia {unknown}
 n - a potion of lignification {unknown}
 t - a potion of attraction {unknown}


   Skills:
 - Level 4.0 Fighting
 + Level 2.9 Long Blades
 + Level 3.5 Dodging
 + Level 3.9 Shields


You had 3 spell levels left.
You didn't know any spells.
Your spell library was empty.

Dungeon Overview and Level Annotations

Branches:
Dungeon (3/15)              Sewer (1/1)

Altars:
Hepliaklqana
Kikubaaqudgha


Innate Abilities, Weirdness & Mutations

You are too large for most types of armour.
You have tough skin. (AC +1)


Message History

* * * LOW HITPOINT WARNING * * *
You feel very sick.
The water moccasin bites you but does no damage.
Throw: 8 darts (poison)
Press: ? - help, Q - select action, (/) - cycle Shift-Dir - straight line, f/p - water moccasin
Aim: a water moccasin (lightly wounded, 38% to hit)
You throw a poisoned dart.
The poisoned dart hits the water moccasin.
The water moccasin is lightly wounded.
* * * LOW HITPOINT WARNING * * *
You feel very sick.
The water moccasin bites you but does no damage.
You block the water moccasin's attack.
Throw: 7 darts (poison)
Press: ? - help, Q - select action, (/) - cycle Shift-Dir - straight line, f/p - water moccasin
Aim: a water moccasin (lightly wounded, 38% to hit)
You throw a poisoned dart.
The poisoned dart misses the water moccasin.
You feel sick. The water moccasin barely misses you.
Throw: 6 darts (poison)
Press: ? - help, Q - select action, (/) - cycle Shift-Dir - straight line, f/p - water moccasin
Aim: a water moccasin (lightly wounded, 38% to hit)
You throw a poisoned dart.
The poisoned dart hits the water moccasin.
The water moccasin is lightly wounded.
You feel sick.
You block the water moccasin's attack. x2
Throw: 5 darts (poison)
Press: ? - help, Q - select action, (/) - cycle Shift-Dir - straight line, f/p - water moccasin
Aim: a water moccasin (lightly wounded, 38% to hit)
You throw a poisoned dart.
The poisoned dart misses the water moccasin.
You feel sick. You block the water moccasin's attack.
Throw: 4 darts (poison)
Press: ? - help, Q - select action, (/) - cycle Shift-Dir - straight line, f/p - water moccasin
Aim: a water moccasin (lightly wounded, 38% to hit)
You throw a poisoned dart.
The poisoned dart hits the water moccasin.
The water moccasin is lightly wounded.
You feel sick. The water moccasin bites you.
You die...

##...## ##.## #.#
#.# #.# . #.# ...
#.#
.....####.#######
.((...!.S@......∩
.....############
... .


You could see a water moccasin.

Vanquished Creatures
  Ijyb (D:3)
  An adder (D:2)
  A river rat (D:3)
  An orc (D:3)
  10 bats
  5 endoplasms
  3 giant cockroaches
  3 goblins
  7 hobgoblins
  6 jackals (D:1)
  2 kobolds
  3 quokkas
  2 ball pythons (D:1)
  3 frilled lizards
  9 rats
57 creatures vanquished.

Notes
Turn   | Place    | Note
-------+----------+-------------------------------------------
     0 | D:1      | Thatpatchoflichen the Ogre Fighter began the quest for the
                  | Orb.
     0 | D:1      | Reached XP level 1. HP: 24/24 MP: 1/1
     0 | D:1      | Noticed a ghoul
     0 | D:1      | Noticed a vampire
     1 | D:1      | Noticed a draconian
     3 | D:1      | Noticed a human
     3 | D:1      | Noticed a dwarf
     5 | D:1      | Noticed a ghoul
     6 | D:1      | Noticed a ghoul
     7 | D:1      | Noticed a troll
     8 | D:1      | Noticed a dwarf
    10 | D:1      | Noticed an octopode
    12 | D:1      | Noticed a draconian
    25 | D:1      | Noticed a demonspawn
    27 | D:1      | Noticed a minotaur
    27 | D:1      | Noticed a felid
    29 | D:1      | Noticed a gargoyle
    29 | D:1      | Noticed a human
    31 | D:1      | Noticed a minotaur
    31 | D:1      | Noticed an elf
    35 | D:1      | Noticed a minotaur
   309 | D:1      | Reached XP level 2. HP: 15/32 MP: 2/2
  1043 | D:1      | Reached XP level 3. HP: 34/39 MP: 3/3
  1081 | D:1      | Found a faded altar of an unknown god.
  1427 | D:2      | Found an ancient bone altar of Kikubaaqudgha.
  2050 | D:3      | Reached XP level 4. HP: 39/47 MP: 4/4
  2260 | D:3      | Found a hazy altar of Hepliaklqana.
  2307 | D:3      | Noticed Ijyb
  2612 | D:3      | Killed Ijyb
  2730 | D:3      | Found a glowing drain.
  2752 | Sewer    | Entered a sewer
  3026 | Sewer    | Noticed a water moccasin
  3051 | Sewer    | Slain by a water moccasin

Illustrated notes

Levels and vault maps discovered:
D:1:      shiori_arrival_whats_in_store_for_you, layout_basic,
          basic_ecumenical_altar
D:2:      layout_rooms, basic_altar
D:3:      layout_loops_ring, trog_hazing_becter, mainiacjoe_overflow_24_doors,
          gup_sewer_entry_bubbles, uniq_ijyb
Sewer:    sewer_big_baddie

Skill      XL: |  1  2 |
---------------+-------+-----
Long Blades    | 2 |  2.9
Dodging        | 3 |  3.5
Fighting       | |  4.0
Shields        | |  3.9

Action                   |  1- 3 |  4- 6 || total
-------------------------+-------+-------++-------
Melee: Long sword        |   157 |    76 ||   233
       Unarmed           |       |    42 ||    42
Throw: Dart              |     1 |     6 ||     7
Evoke: Wand              |       |     1 ||     1
  Use: Potion            |       |     1 ||     1
 Stab: Sleeping          |       |     1 ||     1
Armor: Robe              |    73 |    30 ||   103
Dodge: Dodged            |    88 |    78 ||   166
Block: Kite shield       |    79 |    40 ||   119
